cohdb
Replays
Latest Replays
All Replays
Popular Replays
Top Player Replays
Match Explorer
How It Works
Community
CoH3 Stats
Reddit
Sign in to upload your games and track your stats! →
Sign in with Steam
Match 35889813
Unlisted
Match 35889813
Overview
Messages
Build Orders
End
Selects Special Operations Battlegroup
Engineer Squad
Construct Barracks
Riflemen Squad
M1 Mortar Team
Riflemen Squad
Mechanized Support Center
Grenade Package
Construct Weapon Support Center
Forward Retreat Point
Selects Smoke Screen
Smoke Screen
M3 75 mm Gun Motor Carriage
Selects M29 Weasel Recon Vehicle
Smoke Screen
Dreamerpython
Agua de Jamaica
pigon
Dogon222
Naveed #No2IRGC
SK4F6
MY BIG FAT ORK WEDDING
Danh Vo
0
0
Comments
sign in to comment!
No comments posted yet!